 Dungeon Crawl Stone Soup version 0.16.1 (webtiles) character file.

795 Meow the Destroyer (level 7, -1/36 HPs)
             Began as a Gargoyle Conjurer on Sept 9, 2015.
             Was a Believer of Okawaru.
             Slain by a centaur skeleton (6 damage)
             ... on level 5 of the Dungeon.
             The game lasted 00:16:56 (4730 turns).

Meow the Destroyer (Gargoyle Conjurer)              Turns: 4730, Time: 00:16:56

Health: -1/36      AC:  7    Str: 11    XL:     7   Next: 89%
Magic:  4/12       EV: 12    Int: 18    God:    Okawaru [**....]
Gold:   245        SH:  0    Dex: 10    Spells: 3 memorised, 3 levels left

rFire  . . .     SeeInvis .     a - +2 dagger (venom)
rCold  . . .     Clarity  .     d - +0 robe
rNeg   + . .     SustAb   +     (no shield)
rPois  ∞         Gourm    .     (no helmet)
rElec  +         Spirit   .     (no cloak)
rCorr  .         Warding  .     e - +0 pair of gloves
rMut   .         Stasis   .     (no boots)
MR     .....                    (no amulet)
Stlth  ++........               (no ring)
                                s - ring of sustain abilities

@: not resistant to hostile enchantments, unstealthy
A: negative energy resistance 1, electricity resistance, unbreathing,
petrification resistance, rot immunity, AC +4
a: Heroism, Renounce Religion


You were on level 5 of the Dungeon.
You worshipped Okawaru.
Okawaru was pleased with you.
You were near starving.

You visited 2 branches of the dungeon, and saw 6 of its levels.

You collected 245 gold pieces.

Inventory:

Hand weapons
 a - a +2 dagger of venom (weapon)
 v - a +2 halberd of freezing
 y - a +0 trident
Missiles
 j - 6 tomahawks (quivered)
Armour
 d - a +0 robe (worn)
 e - a +0 pair of gloves (worn)
Jewellery
 s - a ring of sustain abilities (left hand)
Magical devices
 i - a wand of magic darts (36)
 q - a wand of fire (0)
 w - a wand of fire (0)
Scrolls
 g - a scroll of enchant armour {unknown}
 h - 2 scrolls of recharging {unknown}
 k - a scroll of fog {unknown}
 l - a scroll of noise {unknown}
 n - 4 scrolls of identify {unknown}
 o - 2 scrolls of remove curse {unknown}
 r - a scroll of immolation {unknown}
Potions
 f - a potion of resistance
 t - a potion of restore abilities
 u - a potion of heal wounds {unknown}
 x - a potion of degeneration {unknown}
Books
 c - a book of Conjurations

   Spells                             Type                      Level
   a - Magic Dart                     Conjuration                  1
   b - Searing Ray                    Conjuration                  2
   c - Dazzling Spray                 Conjuration/Hexes            3
   d - Fulminant Prism                Conjuration/Hexes            4
   e - Iskenderun's Mystic Blast      Conjuration                  4
   f - Iskenderun's Battlesphere      Conjuration/Charms           5
Comestibles
 b - 2 bread rations
 m - 3 meat rations
 p - 3 slices of pizza
 z - a beef jerky


   Skills:
 - Level 1.5 Dodging
 - Level 2.1 Stealth
 - Level 2.0 Spellcasting
 + Level 10.3 Conjurations


You had 3 spell levels left.
You knew the following spells:

 Your Spells              Type           Power        Failure   Level  Hunger
a - Magic Dart            Conj           ####         1%          1    #......
b - Searing Ray           Conj           #####.       1%          2    ###....
A - Iskenderun's Mystic   Conj           #####...     2%          4    #####..


Dungeon Overview and Level Annotations

Branches:
Dungeon (5/15)             Temple (1/1) D:4

Altars:
Cheibriados
Dithmenos
Elyvilon
Fedhas
Gozag
Kikubaaqudgha
Makhleb
Nemelex Xobeh
Okawaru
Qazlal
Ru
Sif Muna
Trog
Vehumet
Xom
Yredelemnul
Zin


Innate Abilities, Weirdness & Mutations

You are resistant to torment.
You are immune to poison.
Your stone body is very resilient (AC +4).
You resist negative energy.
You are resistant to electric shocks.
You can survive without breathing.
You are immune to petrification.
You are immune to rotting.


Message History

The bolt of fire hits the killer bee.
You kill the killer bee!
Okawaru accepts your kill.
Evoking this partially-identified wand wasted a few charges.
The centaur skeleton closely misses you.
Things that are here:
a killer bee corpse x2
You hit the centaur skeleton.
The centaur skeleton hits you but does no damage.
The centaur skeleton closely misses you.
You hit the centaur skeleton.
The centaur skeleton closely misses you.
You hit the centaur skeleton.
The centaur skeleton closely misses you.
You hit the centaur skeleton.
The centaur skeleton closely misses you.
The centaur skeleton hits you.
* * * LOW HITPOINT WARNING * * *
You hit the centaur skeleton. The centaur skeleton hits you.
You die...

#......#....# ..#
#......#....#....#
#......#....+ ...#
+......'....# ...#
#......#....# ..# .
#....†.#'#### ..#####..
#....†.#..####+#........
+......+.......#Z........
#......#.......+@†.......
#.....)#+###'###........[
###+##............#+####+
#............+
+.......<....#
#.(..........#
###+#....#+### #....+
#....#


You could see a centaur skeleton.

Vanquished Creatures
  An ogre (D:4)
  Sigmund (D:2)
  3 killer bees (D:5)
  A hound (D:5)
  2 centaur skeletons (D:4)
  2 worker ants (D:4)
  An orc priest (D:3)
  An iguana (D:4)
  2 orc wizards (D:3)
  Terence (D:2)
  7 gnolls
  8 adders
  3 worms
  An adder skeleton (D:4)
  3 giant geckos
  An ooze (D:3)
  9 orcs
  2 bat skeletons (D:4)
  5 giant cockroaches
  13 goblins
  11 hobgoblins
  5 jackals
  7 kobolds
  A quokka (D:2)
  6 bats
  5 giant newts
  11 rats
113 creatures vanquished.

Notes
Turn   | Place    | Note
--------------------------------------------------------------
     0 | D:1      | Meow, the Gargoyle Conjurer, began the quest for the Orb.
     0 | D:1      | Reached XP level 1. HP: 10/10 MP: 3/3
   304 | D:1      | Reached XP level 2. HP: 15/15 MP: 1/4
   396 | D:1      | Reached skill level 5 in Conjurations
   596 | D:1      | Reached XP level 3. HP: 15/19 MP: 1/6
   662 | D:1      | Learned a level 2 spell: Searing Ray
  1203 | D:2      | Noticed Terence
  1209 | D:2      | Killed Terence
  1403 | D:2      | Reached skill level 6 in Conjurations
  1403 | D:2      | Reached XP level 4. HP: 24/24 MP: 1/7
  1528 | D:2      | Found an iron altar of Okawaru.
  1528 | D:2      | Found a stormy altar of Qazlal.
  1529 | D:2      | Found a shadowy altar of Dithmenos.
  1535 | D:2      | Became a worshipper of Warmaster Okawaru
  1561 | D:2      | Noticed Sigmund
  2118 | D:3      | Noticed a sky beast
  2367 | D:4      | Found a staircase to the Ecumenical Temple.
  2370 | D:4      | Reached XP level 5. HP: 24/28 MP: 3/9
  2431 | D:4      | Found a sacrificial altar of Ru.
  2437 | D:4      | Learned a level 4 spell: Iskenderun's Mystic Blast
  2480 | D:4      | Reached skill level 7 in Conjurations
  2984 | D:4      | Reached XP level 6. HP: 32/32 MP: 4/10
  3151 | D:3      | Reached skill level 8 in Conjurations
  3545 | D:3      | Found a radiant altar of Vehumet.
  3710 | D:2      | Killed Sigmund
  3710 | D:2      | Acquired Okawaru's first power
  3927 | D:4      | Reached XP level 7. HP: 36/36 MP: 4/12
  3991 | D:4      | Reached skill level 9 in Conjurations
  4128 | D:4      | Noticed an ogre
  4215 | D:4      | Killed an ogre
  4533 | Temple   | Entered the Ecumenical Temple
  4625 | D:5      | Entered Level 5 of the Dungeon
  4718 | D:5      | Reached skill level 10 in Conjurations
  4730 | D:5      | Slain by a centaur skeleton

Action                   |  1- 3 |  4- 6 |  7- 9 || total
-------------------------+-------+-------+-------++-------
Melee: Dagger            |     4 |       |     9 ||    13
       Short sword       |    21 |    20 |       ||    41
       Trident           |       |    72 |     7 ||    79
 Cast: Magic Dart        |    34 |    27 |       ||    61
       Searing Ray       |     9 |    30 |    11 ||    50
       Iskenderun's Myst |       |     1 |     3 ||     4
Evoke: Wand              |       |       |     4 ||     4
  Use: Potion            |       |     9 |       ||     9
       Scroll            |       |       |     1 ||     1
  Eat: Chunk             |     3 |    10 |     3 ||    16
